 Dungeon Crawl Stone Soup version 0.26.0-45-g9c1d065592 (webtiles) character file.

Game seed: 11479863490194414219

137 sahdkjhfkaj the Conjurer (level 5, 0/24 HPs)
             Began as a Vine Stalker Conjurer on Jan 27, 2021.
             Succumbed to an adder's poison
             ... on level 2 of the Dungeon.
             The game lasted 00:03:14 (2822 turns).

sahdkjhfkaj the Conjurer (Vine Stalker Conjurer)    Turns: 2822, Time: 00:03:15

Health: 0/24       AC:  2    Str: 10    XL:     5   Next: 20%
Magic:  0/9        EV: 12    Int: 19    God:
Gold:   158        SH:  0    Dex: 12    Spells: 5/8 levels left

rFire    . . .     SeeInvis .   (no weapon)
rCold    . . .     Faith    .   (no shield)
rNeg     . . .     Spirit   +   a - +0 robe
rPois    .         Reflect  .   (no helmet)
rElec    .         Harm     .   (no cloak)
rCorr    .         Rampage  .   (no gloves)
Will     .....                  (no boots)
Stlth    ++........             (no amulet)
HPRegen  0.48/turn              (no ring)
MPRegen  0.11/turn              (no ring)

@: lethally poisoned (0 -> -7)
A: fangs 2, regeneration 1, magic shield, antimagic bite, no potion heal 3
a: no special abilities


You were on level 2 of the Dungeon.
You visited 1 branch of the dungeon, and saw 2 of its levels.

You collected 158 gold pieces.

Inventory:

Armour
 a - a +0 robe (worn)
Scrolls
 b - 2 scrolls of amnesia
 c - 5 scrolls of remove curse
 d - 2 scrolls of teleportation {!r}
 l - a scroll of magic mapping
Potions
 e - a potion of curing {unknown}
 g - a potion of berserk rage {unknown}
 h - 3 potions of might
 i - 2 potions of brilliance {unknown}
 k - a potion of haste {unknown}
 m - a potion of resistance {unknown}


   Skills:
 - Level 1.5 Dodging
 - Level 2.4 Stealth
 - Level 2.1 Spellcasting
 + Level 6.3 Conjurations


You had 5 spell levels left.
You knew the following spells:

 Your Spells              Type           Power        Failure   Level
b - Searing Ray           Conj           52%          1%          2
h - Magic Dart            Conj           100%         1%          1

Your spell library contained the following spells:

 Spells                   Type           Power        Failure   Level
 Dazzling Flash           Conj/Hex       28%          14%         3
 Fulminant Prism          Conj/Hex       7%           41%         4
 Iskenderun's Mystic Bla  Conj/Tloc      14%          41%         4


Dungeon Overview and Level Annotations

Branches:
Dungeon (2/15)

Altars:
Yredelemnul
Zin

Shops:
D:2 *


Innate Abilities, Weirdness & Mutations

You have extremely sharp teeth.
Your natural rate of healing is unusually fast.
When hurt, damage is shared between your health and your magic reserves.
Your bite disrupts and absorbs the magic of your enemies.
Potions cannot restore your health.


Message History

You feel sick.
You feel sick.
You feel sick.
The orc throws a stone.
The stone hits you.
* * * LOW HITPOINT WARNING * * *
The adder barely misses you.
Unknown command.
* * * LOW HITPOINT WARNING * * *
You feel sick.
Okay, then.
Okay, then.
As you read the scroll of fear, it crumbles to dust.
You assume a fearsome visage.
The orc looks frightened!
The adder resists with some effort.
* * * LOW HITPOINT WARNING * * *
You feel sick. The adder bites you.
* * * LOW HITPOINT WARNING * * *
You aren't carrying any items that you can evoke.
You aren't carrying any items that you can evoke.
Okay, then.
You die...

# # ## ### .#.#.# ..#
≈≈≈≈≈≈#### #.#
...(.g'(.# #.#
≈≈≈≈(≈#)(# #.#
#######.#.# #..# #.#
#....#### ###.o#
#.#######.......###....#
..))).).'.......@.S..>.#
####'####)......###....#
# #.....#.......########
# #.....#.........#
###.....######....#
.##.....# #....#
.##.....######....#
.###.####.........#
.###.# #.......###


You could see an adder and an orc (fleeing).

Vanquished Creatures
  4 gnolls (D:2)
  5 adders (D:2)
  An ooze (D:2)
  2 worms
  A dart slug (D:1)
  An orc (D:2)
  2 giant cockroaches
  3 goblins
  9 hobgoblins
  A quokka (D:2)
  4 bats
  5 frilled lizards
  4 kobolds
  5 rats
47 creatures vanquished.

Notes
Turn   | Place    | Note
-------+----------+-------------------------------------------
     0 | D:1      | sahdkjhfkaj the Vine Stalker Conjurer began the quest for
                  | the Orb.
     0 | D:1      | Reached XP level 1. HP: 9/9 MP: 4/4
   285 | D:1      | Reached XP level 2. HP: 13/13 MP: 0/6
   293 | D:1      | Learned a level 2 spell: Searing Ray
  1659 | D:1      | Reached XP level 3. HP: 16/16 MP: 0/7
  1919 | D:2      | Reached skill level 5 in Conjurations
  2011 | D:2      | Found a glowing silver altar of Zin.
  2012 | D:2      | Found Zin's Purification Station.
  2218 | D:2      | Gained mutation: Your natural rate of healing is unusually
                  | fast. [Vine Stalker growth]
  2218 | D:2      | Reached XP level 4. HP: 21/21 MP: 4/8
  2456 | D:2      | Found a basalt altar of Yredelemnul.
  2616 | D:2      | Reached skill level 6 in Conjurations
  2700 | D:2      | Reached XP level 5. HP: 24/24 MP: 3/9
  2822 | D:2      | Succumbed to an adder's poison

Illustrated notes

Levels and vault maps discovered:
D:1:      eino_arrival_tree_alley, layout_basic, chequers_serial_rivers_micro_c
D:2:      layout_basic, overflow_temple_1_default, zin_purify,
          grunt_gozag_breadcrumbs, okawaru_altar_gauntlet_db

Skill      XL: |  1  2  3  4 |
---------------+-------------+-----
Conjurations   | 5 6 |  6.3
Dodging        | |  1.5
Stealth        | |  2.4
Spellcasting   | |  2.1

Action                   |  1- 3 |  4- 6 || total
-------------------------+-------+-------++-------
 Cast: Magic Dart        |    69 |    22 ||    91
       Searing Ray       |     5 |     4 ||     9
  Use: Scroll            |       |     7 ||     7
Armor: Robe              |     3 |     1 ||     4
Dodge: Dodged            |    17 |     7 ||    24
